Map: Simulacrum LE

Players

TLO - Winner!

  • Race: Zerg Zerg
  • Spawn Location: 11:00

Armani

  • Race: Zerg Zerg
  • Spawn Location: 5:00

Event: IEM Katowice 2020

VOD

Have the link to the VOD?

Description

Time

  • Played on: Feb. 24, 2020, 9:55 a.m.
  • Length: 10:58

All games in this series

Show
View Real Time Build Order
Export as new Build Order

TLO Zerg - Winner!

Build Orders: Hatch First 

Get SALT Encoding   

  12  0:01  Drone  
  13  0:13  Overlord  
  13  0:17  Drone  
  14  0:31  Drone x2  
  16  0:49  Hatchery  
  15  0:51  Drone  
  15  0:56  Drone  
  17  1:00  Drone  
  18  1:05  Extractor  
  17  1:15  Spawning Pool  
  17  1:18  Drone  
  17  1:21  Drone  
  18  1:29  Drone  
  19  1:39  Drone  
  20  1:50  Drone  
  21  2:00  Overlord  
  21  2:01  Queen x2  
  21  2:06  Metabolic Boost  
  26  2:08  Drone  
  26  2:11  Drone  
  27  2:15  Drone  
  29  2:22  Drone  
  29  2:23  Drone  
  30  2:34  Hatchery  
  29  2:37  Drone  
  29  2:44  Queen  
  32  2:52  Baneling Nest  
  32  2:54  Overlord  
  32  2:57  Zergling x4  
  33  3:03  Overlord  
  33  3:06  Zergling x2  
  33  3:12  Zergling x4  
  36  3:13  Zergling x2  
  36  3:15  Drone  
  36  3:17  Drone  
  36  3:19  Zergling x2  
  40  3:23  Zergling x2  
  40  3:24  Zergling x2  
  40  3:27  Zergling x2  
  43  3:29  Drone  
  44  3:34  Drone  
  44  3:36  Baneling x2  
  44  3:37  Drone  
  46  3:42  Overlord  
  46  3:49  Drone  
  43  3:57  Drone  
  43  3:58  Drone  
  43  3:59  Drone x2  
  43  4:00  Drone  
  43  4:01  Drone  
  49  4:02  Drone  
  49  4:03  Lair  
  49  4:04  Drone  
  49  4:06  Baneling  
  49  4:08  Drone  
  49  4:09  Extractor  
  50  4:11  Baneling  
  50  4:12  Drone  
  50  4:14  Drone  
  52  4:19  Drone  
  52  4:20  Drone x2  
  52  4:21  Drone  
  56  4:29  Roach Warren  
  56  4:30  Drone  
  56  4:31  Drone  
  57  4:32  Drone, Evolution Chamber  
  57  4:34  Drone  
  57  4:35  Drone  
  57  4:37  Drone  
  60  4:39  Drone  
  60  4:40  Drone  
  60  4:43  Extractor, Drone  
  60  4:44  Drone  
  63  4:47  Drone  
  63  4:49  Overlord  
  63  4:52  Overlord  
  63  5:01  Drone, Baneling  
  63  5:03  Drone  
  63  5:04  Spire  
  63  5:05  Drone  
  63  5:06  Extractor  
  64  5:08  Drone x3  
  64  5:10  Drone  
  64  5:12  Extractor, Drone  
  64  5:14  Extractor, Drone  
  66  5:15  Drone  
  66  5:18  Zergling x2  
  66  5:19  Zergling x2  
  66  5:20  Drone  
  71  5:23  Zergling x4  
  71  5:27  Baneling, Overlord  
  72  5:29  Glial Reconstitution  
  72  5:34  Overlord  
  72  5:36  Overlord  
  72  5:39  Overlord  
  72  5:41  Overlord  
  72  5:42  Baneling x3  
  72  5:48  Baneling  
  72  5:52  Roach x3  
  72  5:56  Roach x2  
  81  5:58  Roach  
  81  5:59  Roach  
  81  6:01  Roach  
  81  6:02  Zergling x2, Baneling  
  86  6:07  Roach  
  86  6:08  Roach  
  86  6:09  Roach  
  86  6:10  Roach  
  93  6:12  Roach, Baneling  
  93  6:15  Roach  
  93  6:17  Mutalisk  
  99  6:19  Mutalisk  
  99  6:22  Zerg Flyer Weapons Level 1  
  101  6:26  Mutalisk  
  101  6:30  Drone  
  103  6:36  Zergling x6  
  105  6:40  Mutalisk x2  
  105  6:42  Queen  
  105  6:45  Mutalisk  
  113  6:50  Zergling x2  
  113  6:53  Corruptor  
  109  6:58  Corruptor  
  109  7:03  Corruptor  
  105  7:15  Overlord  
  105  7:18  Hatchery  
  105  7:21  Corruptor  
  106  7:26  Corruptor  
  106  7:27  Corruptor  
  100  7:32  Corruptor  
  100  7:35  Zergling x2  
  100  7:36  Zergling x20  
  113  7:40  Corruptor  
  108  7:46  Corruptor  
  108  7:47  Zergling x2  
  108  7:48  Corruptor  
  108  7:51  Zergling x2, Drone  
  112  8:17  Overlord x2  
  112  8:18  Overlord  
  106  8:28  Mutalisk  
  106  8:29  Mutalisk  
  106  8:32  Mutalisk x2  
  106  8:33  Corruptor, Mutalisk x2, Overlord  
  109  8:35  Corruptor  
  110  8:42  Corruptor  
  110  8:47  Mutalisk  
  112  8:50  Queen  
  112  8:51  Spore Crawler  
  112  8:53  Spore Crawler, Overlord  
  112  8:54  Extractor x2  
  112  8:55  Mutalisk  
  110  9:01  Mutalisk  
  114  9:08  Mutalisk  
  116  9:13  Mutalisk  
  116  9:17  Zergling x2, Drone x2  
  116  9:19  Zergling x2, Mutalisk  
  121  9:25  Zergling x26  
  134  9:32  Drone  
  134  9:33  Drone  
  134  9:38  Mutalisk  
  132  9:40  Mutalisk  
  132  9:44  Overlord  
  135  9:50  Overlord  
  135  9:52  Spore Crawler  
  135  9:55  Overlord  
  135  9:57  Overlord  
  134  10:02  Mutalisk  
  134  10:04  Mutalisk  
  135  10:07  Mutalisk  
  135  10:09  Mutalisk  
  139  10:14  Mutalisk  
  138  10:23  Mutalisk x2  
  138  10:27  Mutalisk  
Show
View Real Time Build Order
Export as new Build Order

Armani Zerg 

Build Orders: Hatch First 

Get SALT Encoding   

  12  0:00  Drone  
  13  0:12  Overlord  
  13  0:18  Drone  
  14  0:31  Drone x2  
  16  0:48  Hatchery  
  15  0:52  Drone  
  15  0:56  Drone  
  17  0:58  Drone  
  18  1:09  Extractor  
  17  1:13  Spawning Pool  
  17  1:16  Drone  
  17  1:20  Drone  
  18  1:29  Drone  
  19  1:39  Drone  
  20  1:49  Overlord  
  20  2:00  Queen  
  20  2:01  Queen  
  22  2:02  Drone x2  
  26  2:11  Drone x2  
  26  2:12  Metabolic Boost  
  28  2:21  Drone  
  28  2:22  Drone  
  30  2:34  Hatchery  
  29  2:38  Drone  
  30  2:44  Queen  
  30  2:50  Baneling Nest  
  31  2:53  Overlord  
  31  2:56  Drone  
  32  3:00  Zergling x2  
  32  3:01  Zergling x2  
  32  3:05  Overlord  
  34  3:08  Drone  
  35  3:15  Evolution Chamber  
  35  3:16  Drone  
  35  3:24  Drone x3  
  35  3:26  Zergling x2  
  39  3:27  Zergling x2  
  39  3:28  Drone  
  39  3:33  Overlord  
  41  3:35  Drone  
  41  3:37  Baneling x2  
  42  3:44  Zergling x4  
  43  3:50  Drone  
  43  3:51  Drone  
  45  3:57  Drone x6  
  49  4:03  Drone, Zerg Melee Weapons Level 1  
  49  4:08  Drone x2  
  52  4:11  Overlord  
  52  4:17  Lair  
  52  4:21  Zergling x6, Extractor  
  52  4:23  Drone  
  55  4:28  Extractor, Drone x2  
  55  4:30  Extractor  
  55  4:34  Roach Warren  
  55  4:35  Drone  
  55  4:36  Drone  
  55  4:37  Drone  
  57  4:40  Drone  
  57  4:42  Drone  
  57  4:44  Drone x2  
  61  4:46  Drone x2  
  61  4:48  Drone x2  
  61  4:51  Overlord  
  65  4:57  Baneling  
  65  4:59  Drone  
  66  5:00  Drone  
  66  5:03  Overlord  
  66  5:11  Drone x5  
  70  5:19  Drone  
  70  5:20  Spire, Zergling x2  
  70  5:21  Zergling x6  
  73  5:25  Zergling x8  
  77  5:29  Zergling x2  
  77  5:30  Extractor x2  
  77  5:34  Overlord  
  76  5:36  Drone  
  76  5:40  Overseer  
  76  5:42  Zergling x2  
  78  5:45  Drone  
  78  5:46  Zergling x6  
  82  5:51  Overlord  
  82  5:52  Overlord  
  79  5:58  Baneling  
  79  5:59  Baneling x2  
  76  6:05  Zergling x18  
  76  6:10  Zergling x2  
  77  6:27  Drone  
  78  6:34  Mutalisk x9  
  78  6:37  Mutalisk  
  98  6:41  Mutalisk  
  98  6:42  Overlord  
  100  6:47  Hatchery, Mutalisk  
  100  6:49  Zergling x4  
  100  6:50  Zergling x4  
  100  6:54  Zerg Flyer Weapons Level 1  
  99  6:57  Drone x3  
  90  7:03  Mutalisk  
  90  7:10  Drone x6  
  96  7:16  Mutalisk x2  
  96  7:18  Overlord  
  100  7:23  Queen  
  100  7:27  Mutalisk  
  99  7:34  Overlord  
  99  7:36  Overlord  
  98  7:40  Drone x3  
  100  7:45  Mutalisk x2  
  100  7:48  Drone  
  100  7:49  Drone x2  
  105  7:51  Drone  
  105  7:56  Zerg Melee Weapons Level 2  
  106  8:03  Mutalisk  
  106  8:04  Mutalisk  
  108  8:07  Zergling x8  
  108  8:10  Mutalisk  
  108  8:12  Mutalisk  
  114  8:16  Zergling x6  
  114  8:24  Mutalisk  
  106  8:27  Zergling x6  
  99  8:40  Baneling x3  
  99  8:45  Mutalisk x2  
  99  8:47  Drone x5  
  108  8:49  Extractor  
  108  8:50  Extractor  
  106  8:59  Zerg Flyer Armor Level 1  
  106  9:02  Queen  
  108  9:09  Hatchery  
  106  9:19  Mutalisk x2  
  106  9:23  Zergling x2  
  106  9:24  Zergling x6  
  114  9:27  Mutalisk x2  
  114  9:29  Overlord  
  119  9:31  Zergling x8  
  120  9:45  Overlord x3  
  120  9:48  Mutalisk x3  
  126  9:55  Zergling x6  
  126  9:56  Overlord  
  126  9:58  Overlord  
  129  10:06  Mutalisk x3  
  132  10:12  Drone x2  
  133  10:16  Drone x3  
  136  10:23  Mutalisk x3  
  136  10:26  Mutalisk  
  134  10:38  Zergling x4  

Tags
 
Add a new tag
Caveats
  • Supply blocks, unpowered buildings, or Contaminate may cause inaccurate times.
  • Supply counts are checked every 10 seconds.